 Dungeon Crawl Stone Soup version 0.23-b1-6-ga921848b48 (webtiles) character file.

Game seed: 15389194735454088140

5357 Infinimo the Fighter (level 10, -12/112 (115) HPs)
             Began as an Ogre Berserker on Feb 2, 2019.
             Was a High Priest of Trog.
             Mangled by a yak (15 damage)
             ... on level 9 of the Dungeon.
             The game lasted 00:14:09 (11095 turns).

Infinimo the Fighter (Ogre Berserker)              Turns: 11095, Time: 00:14:10

HP:   -12/112 (115) AC:  3    Str: 23    XL:     10   Next: 65%
MP:   10/10         EV: 12    Int: 11    God:    Trog [*****.]
Gold: 245           SH:  0    Dex:  8    Spells: 9/9 levels left

rFire    . . .     SeeInvis .   v - +1 flail (venom)
rCold    . . .     Gourm    .   (no shield)
rNeg     . . .     Faith    .   b - +0 animal skin
rPois    .         Spirit   .   (helmet restricted)
rElec    .         Reflect  .   (no cloak)
rCorr    .         Harm     .   (gloves unavailable)
MR       +....                  (boots unavailable)
Stlth    +.........             (no amulet)
HPRegen  0.28/turn              (no ring)
MPRegen  0.12/turn              p - +2 ring of evasion

@: berserk cooldown, slowed, very slow
A: large, unfitting armour, tough skin 1
a: Berserk, Trog's Hand, Brothers in Arms, Renounce Religion


You were on level 9 of the Dungeon.
You worshipped Trog.
Trog was extremely pleased with you.
You were not hungry.

You visited 1 branch of the dungeon, and saw 9 of its levels.

You collected 515 gold pieces.
You spent 270 gold pieces at shops.

Inventory:

Hand Weapons
 v - a +1 flail of venom (weapon)
 z - a +0 giant spiked club
Armour
 b - a +0 animal skin (worn)
Jewellery
 p - a +2 ring of evasion (right hand)
 y - an uncursed ring of positive energy {unknown}
Wands
 m - a wand of disintegration (20)
 B - a wand of acid (8)
Scrolls
 f - 2 scrolls of remove curse
 k - 2 scrolls of enchant weapon
 r - 2 scrolls of teleportation
 t - 4 scrolls of identify
 u - a scroll of fear
 w - 2 scrolls of amnesia {unknown}
 x - a scroll of enchant armour {unknown}
Potions
 a - 2 potions of curing
 d - 3 potions of lignification {unknown}
 e - a potion of invisibility
 g - a potion of brilliance {unknown}
 h - 3 potions of heal wounds
 i - 2 potions of agility {unknown}
 j - a potion of mutation {unknown}
 l - a potion of berserk rage {unknown}
 n - 3 potions of degeneration {unknown}
 o - a potion of experience {unknown}
 q - 2 potions of haste {unknown}
 s - 4 potions of flight {unknown}
 A - a potion of resistance {unknown}
 C - a potion of ambrosia {unknown}
 D - a potion of magic {unknown}
Comestibles
 c - 12 rations
 E - 4 chunks of flesh


   Skills:
 + Level 12.1 Fighting
 * Level 11.7 Maces & Flails
 - Level 2.6 Dodging


You had 9 spell levels left.
You didn't know any spells.
Your spell library was empty.

Dungeon Overview and Level Annotations

Branches:
Dungeon (9/15)             Temple (0/1) D:6
   Lair: D:8-11         Orc: D:9-12

Altars:
Ashenzari
Elyvilon
Gozag
Makhleb
Okawaru
Ru
Sif Muna

Shops:
D:5 !   D:7 *


Innate Abilities, Weirdness & Mutations

You are too large for most types of armour.
You have tough skin. (AC +1)


Message History

Trog accepts your kill.
Your Fighting skill increases to level 12!
The yak is poisoned.
The yak is lightly wounded.
You bludgeon the yak!!
The yak looks as sick as possible!
The yak is heavily wounded.
The yak gores you!
* * * LOW HITPOINT WARNING * * *
You sock the yak!
The yak looks as sick as possible!
The yak is almost dead.
You kill the yak!
Trog accepts your kill.
Trog will now gift you weapons as you gain piety.
Things that are here:
a yak corpse x2
You feel a strong urge to attack something.
You are no longer berserk.
You are exhausted.
You feel yourself slow down. The yak gores you!
You die...

..... ###.... ##
......# .# .....#
##Y# .....# #Y.#
#....# #YY# #.
#....###<.# .
##.....#.......#
#.
##@.#....YY....##
. ##†Y##
#..Y.....# ##.
##.### ######...#
##..##..# ##.#
#......## .#
####..## #### #
##..####..##
#...[.(...##
##..#####..#


You could see a yak.

Vanquished Creatures
  Pikel (D:5)
  9 yaks
  Edmund (D:6)
  The ghost of Vesto the Conjurer, an amateur DECj (D:6)
  A sky beast (D:9)
  A hornet zombie (D:9)
  5 orc warriors
  3 phantoms
  4 ogres
  2 ice beasts
  A necrophage (D:8)
  A centaur (D:9)
  4 bullfrogs
  A big kobold (D:8)
  A gnoll sergeant (D:8)
  A scorpion (D:4)
  4 killer bees (D:8)
  4 crimson imps
  A quasit (D:6)
  2 centaur skeletons
  6 hounds
  2 orc priests
  A jelly (D:7)
  3 orc wizards
  2 bullfrog skeletons
  Natasha (thrice) (D:3)
  5 iguanas (D:4)
  3 worker ants
  5 gnolls (D:8)
  9 adders
  2 shadow imps
  2 worms
  2 dart slugs
  5 leopard geckos
  13 orcs
  2 ball pythons
  5 bats
  4 giant cockroaches
  4 goblins
  4 hobgoblins
  24 jackals
  5 kobolds
  6 quokkas
  2 frilled lizards
  A giant cockroach zombie (D:6)
  A jackal zombie (D:6)
  4 quokka skeletons
  A quokka zombie (D:8)
  6 rats
180 creatures vanquished.

Vanquished Creatures (others)
  A quokka (D:5)
  4 toadstools (D:1)
5 creatures vanquished.

Grand Total: 185 creatures vanquished

Notes
Turn   | Place    | Note
-------+----------+-------------------------------------------
     0 | D:1      | Infinimo the Ogre Berserker began the quest for the Orb.
     0 | D:1      | Reached XP level 1. HP: 24/24 MP: 1/1
    51 | D:1      | Reached XP level 2. HP: 23/32 MP: 2/2
   962 | D:2      | Reached XP level 3. HP: 40/40 MP: 3/3
   976 | D:2      | Reached ** piety under Trog
  1429 | D:2      | Reached XP level 4. HP: 19/49 MP: 4/4
  1719 | D:2      | You fall through a shaft for 2 floors!
  1728 | D:4      | Reached skill level 5 in Fighting
  2194 | D:4      | Reached XP level 5. HP: 57/57 MP: 5/5
  2266 | D:4      | Noticed a phantom
  2266 | D:4      | Noticed an ogre
  2273 | D:4      | Killed an ogre
  2273 | D:4      | Reached skill level 5 in Maces & Flails
  2273 | D:4      | Reached XP level 6. HP: 67/67 MP: 6/6
  2326 | D:4      | Killed a phantom
  2326 | D:4      | Reached skill level 6 in Fighting
  3038 | D:4      | Noticed an ice beast
  3048 | D:4      | Killed an ice beast
  3048 | D:4      | Reached XP level 7. HP: 76/76 MP: 7/7
  3297 | D:4      | Reached skill level 7 in Fighting
  3695 | D:3      | Noticed Natasha
  3705 | D:3      | Killed Natasha
  3774 | D:3      | Reached *** piety under Trog
  3841 | D:3      | Noticed Natasha
  3846 | D:3      | Killed Natasha
  4507 | D:3      | Noticed Natasha
  4538 | D:3      | Killed Natasha
  5239 | D:5      | Entered Level 5 of the Dungeon
  5378 | D:5      | Found an iron altar of Okawaru.
  5673 | D:5      | Reached XP level 8. HP: 88/88 MP: 8/8
  5697 | D:5      | Noticed Pikel
  5744 | D:5      | Killed Pikel
  5744 | D:5      | Reached skill level 8 in Fighting
  6027 | D:5      | Found Neihaypt's Distillery.
  6030 | D:5      | Bought 2 potions of heal wounds for 150 gold pieces
  6030 | D:5      | Bought a potion of curing for 45 gold pieces
  6030 | D:5      | Bought a potion of heal wounds for 75 gold pieces
  6132 | D:5      | Found a white marble altar of Elyvilon.
  6529 | D:6      | Reached skill level 9 in Fighting
  6550 | D:6      | Found a staircase to the Ecumenical Temple.
  6566 | D:6      | Noticed Edmund
  6573 | D:6      | Killed Edmund
  6573 | D:6      | Reached XP level 9. HP: 98/98 MP: 9/9
  6737 | D:6      | Found a runed translucent door.
  6740 | D:6      | Noticed Vesto's ghost (amateur DECj)
  6789 | D:6      | Reached **** piety under Trog
  7241 | D:6      | Killed Vesto's ghost
  7520 | D:7      | Reached skill level 10 in Fighting
  7537 | D:7      | Found a shattered altar of Ashenzari.
  7547 | D:7      | Found Gepreusm's General Store.
  8230 | D:8      | Reached skill level 10 in Maces & Flails
  8381 | D:8      | Found a sacrificial altar of Ru.
  8382 | D:8      | Found a burning altar of Makhleb.
  8382 | D:8      | Found a deep blue altar of Sif Muna.
  8384 | D:8      | Found a white marble altar of Elyvilon.
  8386 | D:8      | Found an opulent altar of Gozag.
  9612 | D:8      | Reached skill level 11 in Fighting
  9612 | D:8      | Reached XP level 10. HP: 77/110 MP: 10/10
 11090 | D:9      | Reached skill level 12 in Fighting
 11092 | D:9      | HP: 4/168 [yak (9)]
 11093 | D:9      | Reached ***** piety under Trog
 11095 | D:9      | Mangled by a yak

Skill      XL: |  1  2  3  4  5  6  7  8  9 10 |
---------------+-------------------------------+-----
Maces & Flails | 3 4 5 6 7 8 10 11 | 11.7
Fighting       | 5 6 7 9 11 12 | 12.1
Dodging        | |  2.6

Action                   |  1- 3 |  4- 6 |  7- 9 | 10-12 || total
-------------------------+-------+-------+-------+-------++-------
Melee: Mace              |   126 |    98 |   243 |       ||   467
       Whip              |       |       |    71 |       ||    71
       Flail             |       |       |   204 |   133 ||   337
Invok: Berserk           |     2 |     6 |     9 |     2 ||    19
       Trog's Hand       |       |     1 |       |       ||     1
  Use: Potion            |       |     1 |     5 |       ||     6
       Scroll            |       |       |    11 |       ||    11
 Stab: Invisible         |       |       |     1 |       ||     1
  Eat: Chunk             |     3 |     6 |    17 |     5 ||    31
       Ration            |       |     2 |     4 |       ||     6
Armor: Animal skin       |    53 |    12 |    93 |    10 ||   168
Dodge: Dodged            |   105 |    48 |   296 |    45 ||   494
